 Dungeon Crawl Stone Soup version 0.29-a0-284-gf9362112df (webtiles) character file.

Game seed: 9281991116186957239

19315 olourkin the Earth Mage (level 12, -9/69 HPs)
             Began as a Gargoyle Earth Elementalist on Mar 30, 2022.
             Was a Priest of Vehumet.
             Mangled by a balrug
             ... wielding a +1 demon whip of electrocution
              (25 damage)
             ... in a Gauntlet.
             The game lasted 02:25:38 (14766 turns).

olourkin the Earth Mage (GrEE)                     Turns: 14766, Time: 02:25:39

Health: -9/69      AC: 23    Str: 11    XL:     12   Next: 67%
Magic:  24/24      EV: 11    Int: 22    God:    Vehumet [***...]
Gold:   481        SH:  0    Dex: 10    Spells: 2/15 levels left

rFire   . . .      SeeInvis .   b - staff of earth
rCold   . . .      Faith    .   (no shield)
rNeg    + . .      Spirit   .   Q - +0 troll leather armour
rPois   ∞          Reflect  .   k - +0 helmet
rElec   +          Harm     .   P - +1 cloak
rCorr   .          Rampage  .   (no gloves)
Will    .....      NoTele   +   B - +0 pair of boots
Stlth   +++.......              G - amulet of magic regeneration
HPRegen 1.01/turn               m - +4 ring of protection
MPRegen 0.59/turn               A - ring of magical power

@: no status effects
A: sickness immunity, AC +8, negative energy resistance 1, electricity
resistance, torment resistance 1, petrification resistance
a: Renounce Religion


You were in a Gauntlet.
You worshipped Vehumet.
Vehumet was most pleased with you.
You visited 2 branches of the dungeon, and saw 12 of its levels.
You also visited: Bailey and Gauntlet.

You collected 509 gold pieces.
You spent 28 gold pieces at shops.

Inventory:

Hand Weapons
 a - the +9 great mace "Spiderslayer" {vamp, rElec Str-2 Dex+6 SInv}
   (You acquired it in a bailey)

   It occasionally heals its wielder for a portion of the damage dealt when it
   wounds a living foe.
   Str:       It affects your strength (-2).
   Dex:       It affects your dexterity (+6).
   rElec:     It insulates you from electricity.
   SInv:      It lets you see invisible.
 z - a +3 vorpal flail
 O - a +4 dire flail of freezing
 W - a +2 demon whip of venom
Missiles
 e - 133 stones
 l - 17 poisoned darts (quivered)
 r - a curare-tipped dart
 H - 2 atropa-tipped darts
 J - 6 boomerangs
Armour
 k - a +0 helmet (worn)
 o - a +3 chain mail of poison resistance
 B - a +0 pair of boots (worn)
 F - +0 steam dragon scales
 I - the +3 pair of gloves of Qesmo {Dex+4}
   (You found it in a Gauntlet)

   Dex:       It affects your dexterity (+4).
 M - +0 swamp dragon scales
 P - a +1 cloak (worn)
 Q - a +0 troll leather armour (worn)
Magical Staves
 b - a staff of earth (weapon)
 N - a staff of death
 Y - a staff of fire
Jewellery
 m - a +4 ring of protection (left hand)
 A - a ring of magical power (right hand)
 C - a ring of resist corrosion
 G - an amulet of magic regeneration (around neck)
 U - a ring of wizardry
 Z - the ring "Zofis" {rElec rF+}
   (You found it in a Gauntlet)

   [ring of protection from fire]

   rF:        It protects you from fire.
   rElec:     It insulates you from electricity.
Wands
 t - a wand of flame (10)
 u - a wand of paralysis (5)
 V - a wand of polymorph (6)
Scrolls
 h - a scroll of enchant armour {unknown}
 j - 2 scrolls of summoning {unknown}
 p - a scroll of silence {unknown}
 q - 2 scrolls of holy word {unknown}
 s - a scroll of noise {!r}
 v - 2 scrolls of immolation {!r}
 x - a scroll of amnesia {unknown}
 y - 2 scrolls of brand weapon
 K - a scroll of blinking {unknown}
 L - 5 scrolls of fog {unknown}
 R - a scroll of magic mapping {unknown}
 S - 2 scrolls of enchant weapon {unknown}
 T - a scroll of teleportation
Potions
 c - 3 potions of resistance {unknown}
 d - 2 potions of magic
 f - 3 potions of curing
 g - 3 potions of mutation {!q}
 i - a potion of lignification {unknown}
 n - a potion of haste {unknown}
 w - 2 potions of cancellation
 D - a potion of attraction {unknown}
 E - 2 potions of brilliance


   Skills:
 + Level 5.9 Fighting
 * Level 10.6 Maces & Flails
 - Level 7.2 Armour
 - Level 1.5 Dodging
 + Level 7.2 Stealth
 - Level 2.0 Spellcasting
 - Level 0.7 Transmutations
 * Level 17.1 Earth Magic


You had 2 spell levels left.
You knew the following spells:

 Your Spells              Type           Power      Damage    Failure   Level
a - Sandblast             Erth           100%       2d20      0%          1
c - Mephitic Cloud        Conj/Pois/Air  2%         N/A       13%         3
u - Petrify               Tmut/Erth      58%        N/A       4%          4
x - Stone Arrow           Conj/Erth      100%       3d13      1%          3
y - Passwall              Tmut/Erth      48%        N/A       1%          2

Your spell library contained the following spells:

 Spells                   Type           Power      Damage    Failure   Level
 Conjure Flame            Conj/Fire      2%         6-21      13%         3
 Ignite Poison            Fire/Tmut/Pois 3%         N/A       13%         3
 Hailstorm                Conj/Ice       2%         3d3       38%         4
 Sticky Flame             Conj/Fire      2%         2d3       38%         4
 Gell's Gravitas          Tloc           2%         N/A       45%         3
 Teleport Other           Tloc           2%         N/A       45%         3
 Irradiate                Conj/Tmut      1%         3d14      67%         5
 Ice Form                 Ice/Tmut       3%         N/A       83%         4
 Dispersal                Tloc           1%         N/A       100%        6
 Simulacrum               Ice/Necr       1%         N/A       100%        6
 Sublimation of Blood     Necr           Unusable   N/A       N/A         2

Dungeon Overview and Level Annotations

Branches:
Dungeon (10/15)            Temple (0/1) D:5            Lair (2/6) D:10
 Bailey (visited)         Gauntlet (1/1)
  Swamp: Lair:2-4    Shoals: Lair:2-4     Snake: Lair:2-4    Spider: Lair:2-4
    Orc: D:9-12

Altars:
Elyvilon
Makhleb
Nemelex Xobeh
Okawaru
Sif Muna
Trog
Vehumet
Xom
Yredelemnul
Zin

Shops:
D:1 =   D:2 *=[   D:4 =   D:7 *   D:10 =[

Annotations:
D:4 1 runed translucent door, Crazy Yiuf
D:9 3 runed translucent doors, Dvallin's ghost, journeyman FoHu Gauntlet 9 transporters, exclusion: oklob plant


Innate Abilities, Weirdness & Mutations

You are immune to sickness and miasma.
Your stone body is resilient. (AC +8)
You are immune to poison.
You resist negative energy. (rN+)
You are resistant to electric shocks. (rElec)
You are resistant to unholy torment.
You are immune to petrification.


Message History

The balrug hits you with a +1 demon whip of electrocution.
You are engulfed in flames!
The hell hound closely misses you. The hell hound barely misses you.
There is a transporter here.
You enter the transporter and appear at another place.
The balrug barely misses you.
Okay, then.
You feel the dreadful sensation subside.
b - a staff of earth (weapon)
The balrug gestures at you. The sticky flame hits you!
You are covered in liquid flames!
* * * LOW HITPOINT WARNING * * *
Casting: Stone Arrow (safe; 1% risk of failure)
Confirm with . or Enter, or press ? or * to list all spells.
Aiming: Petrify (dangerous; 4% risk of failure)
Press: ? - help, Shift-Dir - straight line, f - balrug
Aim: a balrug, wielding a +1 demon whip of electrocution (chance to affect: 0%)
Okay, then.
Casting: Petrify (dangerous; 4% risk of failure)
Confirm with . or Enter, or press ? or * to list all spells.
Aiming: Sandblast (safe; 0% risk of failure)
Press: ? - help, Shift-Dir - straight line, f - balrug
Aim: a balrug, wielding a +1 demon whip of electrocution (80% to hit)
You feel a surge of power!
The blast of sand hits the balrug!
The balrug is lightly wounded.
e - 133 stones You are covered in liquid flames!
* * * LOW HITPOINT WARNING * * *
The balrug hits you with a +1 demon whip of electrocution.
* * * LOW HITPOINT WARNING * * *
You are engulfed in flames!!
* * * LOW HITPOINT WARNING * * *
You feel much better.
You are covered in liquid flames!
* * * LOW HITPOINT WARNING * * *
The balrug hits you with a +1 demon whip of electrocution!
* * * LOW HITPOINT WARNING * * *
You are engulfed in flames!!
You die...

....#..##.=.l[?.##...#X
#.8.#..###########..§##
##...#≈.............§...
...8.#∩............≈8≈..
#...#≈.............§...
##.8.#..###########...##
.....#..#..:[§.?..#...#.
#.8.####.........#...#.
#...h2@#.P#...#..#...##
...8.####.....P...#.###.
##...#..#....©....#.#©#©
#≈8≈#..#...P.....#.#.#.
## #..#..#.P.#..#.#.#.
#..#.....P...#.#.#.
#..#.........#.#.#.
###..#############.##
#8#......#©........#≈


You could see a balrug and a hell hound.

Vanquished Creatures
  A two-headed ogre (D:7)
  An orc high priest (Bailey)
  Amaemon (Lair:1)
  A soul eater (Gauntlet)
  A death drake (Gauntlet)
  3 orc knights (Bailey)
  Pikel (D:6)
  2 wolf spider zombies (Gauntlet)
  A spectral centaur (Gauntlet)
  A black mamba (Lair:2)
  A gargoyle (D:8)
  An orange demon (Lair:1)
  A komodo dragon (Lair:1)
  7 cane toads (Lair:1)
  5 kobold demonologists
  Maggie (D:7)
  2 ice devils (Lair:1)
  A hornet (D:8)
  2 trolls (D:9)
  A wraith (D:7)
  2 basilisks
  10 yaks
  4 wyverns
  3 steam dragons
  Edmund (D:4)
  Menkaure (D:4)
  An acid dragon (D:9)
  3 water moccasins
  Duvessa (D:7)
  11 orc warriors
  A black bear (D:10)
  An ice beast (D:4)
  2 sky beasts
  A hornet zombie (D:9)
  2 ogres
  2 centaurs
  2 phantoms
  2 kobold brigands (D:10)
  4 bullfrogs (Lair:1)
  2 necrophages
  4 scorpions
  4 wights (D:8)
  Dowan (D:7)
  8 electric eels
  A howler monkey (D:9)
  2 centaur zombies
  2 hounds (D:5)
  3 iguanas
  Natasha (thrice) (D:4)
  6 orc wizards
  7 gnolls
  5 adders
  A shadow imp (Gauntlet)
  An ufetubus (D:7)
  4 dart slugs
  40 orcs
  3 endoplasms
  2 giant cockroaches (D:4)
  16 goblins
  4 hobgoblins
  5 quokkas
  5 ball pythons
  5 bats
  3 frilled lizards (D:1)
  8 kobolds
  5 rats
239 creatures vanquished.

Vanquished Creatures (others)
  18 demonic plants (Gauntlet)
  5 fungi
  3 plants (Lair:2)
  3 withered plants (Gauntlet)
29 creatures vanquished.

Grand Total: 268 creatures vanquished

Notes
Turn   | Place    | Note
-------+----------+-------------------------------------------
     0 | D:1      | olourkin the Gargoyle Earth Elementalist began the quest
                  | for the Orb.
     0 | D:1      | Reached XP level 1. HP: 10/10 MP: 3/3
   312 | D:1      | Reached skill level 4 in Earth Magic
   611 | D:1      | Found Qyne's Jewellery Shoppe.
   625 | D:1      | Reached XP level 2. HP: 15/15 MP: 3/5
   866 | D:1      | Learned a level 2 spell: Passwall
   876 | D:1      | Reached skill level 1 in Maces & Flails
  1189 | D:1      | Reached XP level 3. HP: 19/19 MP: 1/6
  1642 | D:2      | Found Xeryvegge's General Store.
  1840 | D:2      | Reached skill level 5 in Earth Magic
  1905 | D:2      | Found Aqavees's Jewellery Shoppe.
  2094 | D:2      | Found Veov Dua's Antique Armour Emporium.
  2515 | D:2      | Bought a scroll of identify for 28 gold pieces
  2538 | D:3      | Reached XP level 4. HP: 24/24 MP: 4/7
  3370 | D:3      | Noticed a scorpion
  3380 | D:3      | Killed a scorpion
  3381 | D:3      | Reached skill level 6 in Earth Magic
  3381 | D:3      | Reached XP level 5. HP: 25/28 MP: 8/8
  3624 | D:4      | Found Peguk's Jewellery Shoppe.
  3812 | D:4      | Noticed Edmund
  3813 | D:4      | Noticed an ice beast
  3834 | D:3      | Learned a level 3 spell: Stone Arrow
  3929 | D:4      | Found a white marble altar of Elyvilon.
  3975 | D:4      | Found a runed translucent door.
  3976 | D:4      | Noticed Crazy Yiuf
  4262 | D:4      | Noticed a phantom
  4360 | D:5      | Entered Level 5 of the Dungeon
  4360 | D:5      | Noticed a sky beast
  4404 | D:4      | Noticed Menkaure
  4452 | D:5      | Reached skill level 7 in Earth Magic
  4452 | D:5      | Reached XP level 6. HP: 27/32 MP: 9/9
  4737 | D:5      | Found a radiant altar of Vehumet.
  4737 | D:5      | Found a shimmering blue altar of Sif Muna.
  4779 | D:5      | Reached XP level 7. HP: 36/36 MP: 10/10
  4786 | D:4      | Reached skill level 8 in Earth Magic
  4904 | D:4      | Killed Menkaure
  4952 | D:4      | Noticed Natasha
  4955 | D:4      | Killed Natasha
  5018 | D:4      | Found a bloodstained altar of Trog.
  5092 | D:4      | Noticed Natasha
  5137 | D:4      | Killed Edmund
  5138 | D:4      | Reached skill level 9 in Earth Magic
  5402 | D:4      | Killed Natasha
  5478 | D:4      | Noticed Natasha
  5481 | D:4      | Killed Natasha
  5507 | D:5      | Reached skill level 10 in Earth Magic
  5507 | D:5      | Reached XP level 8. HP: 41/41 MP: 10/11
  5602 | D:5      | Became a worshipper of Vehumet
  5890 | D:5      | Found a staircase to the Ecumenical Temple.
  6431 | D:5      | Found a shimmering altar of Xom.
  6585 | D:5      | Reached skill level 11 in Earth Magic
  6810 | D:6      | Reached skill level 5 in Maces & Flails
  6810 | D:6      | Reached skill level 1 in Armour
  6850 | D:6      | Noticed Pikel
  6944 | D:6      | Killed Pikel
  6945 | D:6      | Reached skill level 12 in Earth Magic
  6945 | D:6      | Reached XP level 9. HP: 45/45 MP: 12/12
  7973 | D:7      | Noticed Maggie
  8257 | D:7      | Killed Maggie
  8530 | D:7      | Found Kofa's Assorted Antiques.
  8594 | D:7      | Noticed a two-headed ogre
  8600 | D:7      | Killed a two-headed ogre
  8601 | D:7      | Reached skill level 13 in Earth Magic
  8601 | D:7      | Reached XP level 10. HP: 50/50 MP: 4/13
  8762 | D:7      | Noticed Duvessa
  8762 | D:7      | Noticed Dowan
  8772 | D:7      | Killed Duvessa
  8773 | D:7      | Reached skill level 5 in Armour
  8884 | D:7      | Killed Dowan
  9231 | D:7      | Reached * piety under Vehumet
  9231 | D:7      | Offered knowledge of Foxfire by Vehumet.
  9237 | D:7      | Learned a level 4 spell: Petrify
  9391 | D:8      | Reached skill level 14 in Earth Magic
  9712 | D:8      | Noticed a gargoyle
  9717 | D:8      | Killed a gargoyle
 10677 | D:9      | Found an iron altar of Okawaru.
 10905 | D:9      | Reached skill level 1 in Fighting
 10949 | D:9      | Found a runed translucent gate.
 10949 | D:9      | Found a runed translucent gate.
 10949 | D:9      | Found a runed translucent gate.
 10949 | D:9      | Noticed Dvallin's ghost (journeyman FoHu)
 10951 | D:9      | Found a basalt altar of Yredelemnul.
 11177 | D:10     | Entered Level 10 of the Dungeon
 11209 | D:10     | Found Sudghyeq's Jewellery Emporium.
 11271 | D:10     | Noticed a kobold demonologist
 11278 | D:10     | Noticed a rust devil
 11280 | D:10     | Noticed a kobold demonologist
 11283 | D:10     | Noticed a kobold demonologist
 11284 | D:10     | Noticed a soul eater
 11284 | D:10     | Noticed a kobold demonologist
 11285 | D:10     | Killed a kobold demonologist
 11286 | D:10     | Reached skill level 15 in Earth Magic
 11286 | D:10     | Reached XP level 11. HP: 56/57 MP: 3/14
 11429 | D:10     | Noticed a balrug
 11430 | D:10     | Found a burning altar of Makhleb.
 11434 | D:10     | Found a glowing silver altar of Zin.
 11434 | D:10     | Noticed an angel
 11540 | D:10     | Found Okko's Antique Armour Emporium.
 11596 | D:10     | Found a flagged portal.
 11609 | Bailey   | Entered a bailey
 11641 | Bailey   | Reached ** piety under Vehumet
 11651 | Bailey   | Offered knowledge of Freeze by Vehumet.
 11750 | Bailey   | Found an iron altar of Okawaru.
 11750 | Bailey   | Noticed an orc knight
 11750 | Bailey   | Noticed an orc high priest
 11765 | Bailey   | Killed an orc high priest
 11778 | Bailey   | Noticed an orc knight
 11794 | Bailey   | Killed an orc knight
 12069 | Bailey   | Acquired the +9 great mace "Spiderslayer" {vamp, rElec
                  | Str-2 Dex+6 SInv}
 12096 | Bailey   | Noticed an orc knight
 12110 | Bailey   | Offered knowledge of Scorch by Vehumet.
 12126 | Bailey   | Killed an orc knight
 12308 | Bailey   | Identified the +3 short sword of Blind Justice {flame, rC++
                  | Str+4 Dex-4}
 12373 | Bailey   | Killed an orc knight
 12374 | Bailey   | Reached skill level 5 in Stealth
 12566 | Bailey   | Acquired a staff of earth
 12695 | D:10     | Found a staircase to the Lair.
 12935 | D:10     | Found a sparkling altar of Nemelex Xobeh.
 12981 | D:10     | Reached *** piety under Vehumet
 12982 | D:10     | Reached skill level 16 in Earth Magic
 13117 | Lair:1   | Entered Level 1 of the Lair of Beasts
 13344 | Lair:1   | Noticed Amaemon
 13370 | Lair:1   | Killed Amaemon
 13374 | Lair:1   | Reached XP level 12. HP: 67/67 MP: 15/15
 13554 | Lair:1   | Found a frozen archway.
 13586 | Lair:1   | Reached skill level 5 in Fighting
 13651 | Lair:1   | Reached skill level 10 in Maces & Flails
 13680 | Lair:1   | Offered knowledge of Mephitic Cloud by Vehumet.
 13685 | Lair:1   | Learned a level 3 spell: Mephitic Cloud
 14236 | Lair:2   | Found a gate leading to a gauntlet.
 14243 | Gauntlet | Entered a Gauntlet
 14243 | Gauntlet | Found a transporter.
 14243 | Gauntlet | Found a transporter.
 14250 | Gauntlet | Found a transporter.
 14267 | Gauntlet | Found a transporter.
 14284 | Gauntlet | Found a transporter.
 14297 | Gauntlet | Found a transporter.
 14370 | Gauntlet | Noticed a soul eater
 14380 | Gauntlet | Found a transporter.
 14393 | Gauntlet | Found a transporter.
 14418 | Gauntlet | Found a transporter.
 14421 | Gauntlet | Found a transporter.
 14425 | Gauntlet | Noticed a balrug
 14437 | Gauntlet | Found a transporter.
 14507 | Gauntlet | Found a transporter.
 14507 | Gauntlet | Found a transporter.
 14519 | Gauntlet | Found a transporter.
 14526 | Gauntlet | Found the +0 pair of fencer's gloves {Riposte Dex+3}
 14527 | Gauntlet | Found a transporter.
 14530 | Gauntlet | Noticed a shock serpent
 14543 | Gauntlet | Noticed an anaconda
 14543 | Gauntlet | a shock serpent changed into an anaconda
 14609 | Gauntlet | Killed a soul eater
 14677 | Gauntlet | Reached skill level 17 in Earth Magic
 14713 | Gauntlet | Identified the ring "Zofis" {rElec rF+}
 14759 | Gauntlet | Identified the +3 pair of gloves of Qesmo {Dex+4}
 14762 | Gauntlet | Noticed an anaconda
 14766 | Gauntlet | Mangled by a balrug

Illustrated notes

Levels and vault maps discovered:
D:1:      spicycebolla_arrival_teleporter_tutorial, layout_basic, serial_shops,
          nicolae_shop_hallway_stairs
D:2:      layout_loops_cross, serial_shops, nicolae_diamond_shop, shop, shop,
          serial_rivers, chequers_serial_rivers_room_a,
          chequers_serial_rivers_large_a, chequers_serial_rivers_micro_b,
          chequers_serial_rivers_micro_d
D:3:      layout_loops_corners
D:4:      layout_cave_pools, lemuel_round_altar,
          nicolae_elyvilon_peaceful_grove, serial_shops,
          nicolae_shop_window_shopping, kennysheep_crisscross, uniq_natasha,
          uniq_menkaure, uniq_edmund, uniq_crazy_yiuf_cottage
D:5:      layout_loops_ring, general_overflow_altar,
          chequers_temple_overflow_statue_of_worship, minmay_temple_entry_grid
D:6:      layout_loops_cross, serial_park_tiny_pond, kennysheep_boxes,
          uniq_pikel
D:7:      layout_basic, serial_shops, nicolae_stop_n_shop_2, uniq_duvessa,
          uniq_maggie
D:8:      layout_loops_ring, nicolae_dithmenos_the_darkroom,
          grunt_gozag_statues, minmay_misc_feat_tower
D:9:      layout_big_octagon, nicolae_yredelemnul_ghost_church, okawaru_trees_2
D:10:     layout_rooms, grunt_temple_overflow_order_and_chaos_2,
          nemelex_altar_shiori, david_lair_generic, serial_shops, shop, shop,
          enter_bailey_7, nicolae_sextant
Lair:1:   layout_regular_city, portal_ice_cave_demonic_guard,
          grunt_megastairs_3, uniq_amaemon
Lair:2:   layout_chaotic_city, nicolae_spider_entry_tight_spaces,
          gauntlet_entry_generic, st_stairs_7, forest_entry_grove
Gauntlet: gammafunk_gauntlet_branching [nicolae_gauntlet_arena_blocks,
          gammafunk_gauntlet_arena_grid, gammafunk_gauntlet_arena_spirals,
          nicolae_gauntlet_swirl, gammafunk_gauntlet_arena_split_diamond,
          gammafunk_gauntlet_arena_mazey, gammafunk_gauntlet_arena_hedges,
          nicolae_gauntlet_arena_x, gauntlet_exit_green]

Skill      XL: |  1  2  3  4  5  6  7  8  9 10 11 12 |
---------------+-------------------------------------+-----
Earth Magic    | 4 5 6 7 10 12 13 15 16 17 | 17.1
Maces & Flails | 1 2 3 4 5 6 8 9 10 | 10.6
Armour         | 2 4 6 7 |  7.2
Stealth        | 3 5 7 |  7.2
Fighting       | 1 4 5 |  5.9
Dodging        | |  1.5
Spellcasting   | |  2.0
Transmutations | |  0.7

Action                   |  1- 3 |  4- 6 |  7- 9 | 10-12 || total
-------------------------+-------+-------+-------+-------++-------
Melee: Club              |    19 |    20 |     8 |       ||    47
       Unarmed           |     1 |       |       |       ||     1
       Punch             |     1 |       |       |       ||     1
       Flail             |       |       |     3 |    28 ||    31
       Dire flail        |       |       |       |    72 ||    72
       Great mace        |       |       |       |   190 ||   190
       Staff             |       |       |       |     1 ||     1
Throw: Stone             |     5 |       |       |       ||     5
       Dart              |       |       |       |     1 ||     1
 Cast: Sandblast         |    37 |    41 |     7 |    39 ||   124
       Stone Arrow       |       |       |    85 |   162 ||   247
       Petrify           |       |       |       |    18 ||    18
       Passwall          |       |       |       |     1 ||     1
Evoke: Wand              |       |     2 |    13 |    14 ||    29
  Use: Scroll            |       |     5 |     1 |    11 ||    17
       Potion            |       |       |     1 |     9 ||    10
 Stab: Sleeping          |     1 |       |       |       ||     1
       Petrified         |       |       |       |    55 ||    55
Armor: Robe              |     9 |    16 |    11 |       ||    36
       Steam dragon scal |       |       |     4 |    23 ||    27
       Troll leather arm |       |       |       |   254 ||   254
Dodge: Dodged            |    13 |    19 |    18 |   205 ||   255
Block: Buckler           |       |       |       |     2 ||     2

Table legend: (Time is in decaauts)
 A = Elapsed time spent in this place.
 B = Non-inter-level travel time spent in this place.
 C = Inter-level travel time spent in this place.
 D = Time resting spent in this place.
 E = Time spent auto-exploring this place.
 F = Levels seen in this place.
 G = Mean time per level.
                   A        B        C        D        E       F      G
               +--------+--------+--------+--------+--------+-----+--------+
         Total |  14836 |  14150 |    686 |   4171 |   6388 |  14 | 1059.7 |
       Dungeon |  12298 |  11657 |    641 |   3942 |   5356 |  10 | 1229.8 |
          Lair |   1004 |    959 |     45 |     59 |    555 |   2 |  502.0 |
        Bailey |   1005 |   1005 |      0 |    137 |    383 |   1 | 1005.0 |
      Gauntlet |    526 |    526 |      0 |     33 |     93 |   1 |  526.0 |
               +--------+--------+--------+--------+--------+-----+--------+

Top non-repeatable levels by time:
     D:7: 1721 daAuts
     D:1: 1635 daAuts
     D:4: 1612 daAuts
     D:3: 1316 daAuts
     D:5: 1261 daAuts
     D:6: 1041 daAuts
  Bailey: 1005 daAuts
    D:10: 986 daAuts
     D:8: 971 daAuts
  Lair:1: 929 daAuts
     D:2: 915 daAuts
     D:9: 835 daAuts
Gauntlet: 526 daAuts
  Lair:2: 75 daAuts
